 Dungeon Crawl Stone Soup version 0.18-a0-1788-g92de1ac (webtiles) character file.

5175 Duffy the Cleaver (level 10, -1/74 HPs)
             Began as a Mummy Fighter on Apr 20, 2016.
             Was a Follower of Cheibriados.
             Slain by a yak (12 damage)
             ... on level 9 of the Dungeon.
             The game lasted 00:10:50 (8578 turns).

Duffy the Cleaver (Mummy Fighter)                   Turns: 8578, Time: 00:10:51

Health: -1/74      AC: 18    Str: 24    XL:     10   Next: 34%
Magic:  10/10      EV:  5    Int: 10    God:    Cheibriados [*.....]
Gold:   316        SH: 10    Dex: 19    Spells: 0 memorised, 9 levels left

rFire  x . .     SeeInvis .     a - +0 war axe
rCold  + . .     Gourm    .     q - +0 chain mail
rNeg   + + +     Faith    .     c - +0 shield
rPois  ∞         Spirit   .     j - +0 helmet
rElec  .         Dismiss  +     v - +1 cloak
rCorr  +         Reflect  .     e - +0 pair of gloves
SustAt .         Harm     .     m - +2 pair of boots
MR     +....                    i - amulet of dismissal
Stlth  ..........               n - ring of resist corrosion
                                b - +5 ring of dexterity

@: very slow, somewhat resistant to hostile enchantments, extremely unstealthy
A: no food or potions, fire vulnerability, cold resistance 1, negative energy
resistance 3, torment resistance, unbreathing
a: Bend Time, Renounce Religion


You were on level 9 of the Dungeon.
You worshipped Cheibriados.
Cheibriados was aware of your devotion.
You were not hungry.

You visited 2 branches of the dungeon, and saw 10 of its levels.
You also visited: Sewer.

You collected 316 gold pieces.


Innate Abilities, Weirdness & Mutations

You do not eat or drink.
Your flesh is vulnerable to fire.
You are immune to poison.
Your flesh is cold resistant.
You are immune to negative energy.
You are immune to unholy pain and torment.
You can survive without breathing.


   Skills:
 + Level 5.3 Fighting
 + Level 10.6 Axes
 - Level 7.0 Armour
 - Level 2.4 Shields


You had 9 spell levels left.
You didn't know any spells.

Inventory:

Hand Weapons
 a - a +0 war axe (weapon)
 h - a -3 battleaxe
 o - a +0 blowgun
Missiles
 p - 23 poisoned needles
Armour
 c - a +0 shield (worn)
 e - a +0 pair of gloves (worn)
 j - a +0 helmet (worn)
 m - a +2 pair of boots (worn)
 q - a +0 chain mail (worn)
 v - a +1 cloak (worn)
Jewellery
 b - a +5 ring of dexterity (left hand)
 i - an amulet of dismissal (around neck)
 n - a ring of resist corrosion (right hand)
 t - an uncursed ring of sustain attributes
 w - an uncursed ring of flight
Wands
 k - a wand of random effects (17/48)
 r - a wand of teleportation (5/9)
Scrolls
 d - a scroll of immolation
 f - 5 scrolls of teleportation
 g - 3 scrolls of remove curse
 l - 5 scrolls of fear
 s - a scroll of summoning
 u - a scroll of magic mapping
 x - a scroll of vulnerability {unknown}

Dungeon Overview and Level Annotations

Branches:
Dungeon (9/15)             Temple (1/1) D:5            Lair (0/8) D:8
    Orc: D:9-12

Altars:
Ashenzari
Cheibriados
Dithmenos
Elyvilon
Fedhas
Gozag
Kikubaaqudgha
Makhleb
Nemelex Xobeh
Okawaru
Pakellas
Trog
Vehumet
Xom
Yredelemnul
Zin
The Shining One

Annotations:
D:3 Grinder
D:6 Blork the orc
D:7 exclusions: door and 2 more exclusions
D:8 exclusion: downstairs


Message History

The yak is lightly wounded.
The yak gores you! You block the yak's attack. The crimson imp spits at you.
You slash the yak!
The yak is almost dead.
You closely miss the yak.
The yak is lightly wounded.
You block the yak's attack. x2
You hit the yak.
The yak is almost dead.
You hit the yak but do no damage.
The yak is lightly wounded.
The yak barely misses you. You block the yak's attack.
You hit the yak.
You kill the yak!
Cheibriados appreciates the change of pace.
You hit the yak.
The yak is moderately wounded.
The yak gores you but does no damage.
The crimson imp blinks!
You hit the yak but do no damage.
The yak is moderately wounded.
The yak gores you.
Your shield and chain mail prevent you from hitting the yak.
The yak is moderately wounded.
You block the yak's attack.
You hit the yak but do no damage.
The yak is moderately wounded.
The yak gores you!
You slash the yak!
The yak is severely wounded.
You block the yak's attack.
Your shield and chain mail prevent you from hitting the yak.
The yak is severely wounded.
The yak gores you!
You die...

.......
.....
.....
..! ...
#5# #Y#
#@# #%#
#.# #.#
#.# #.#
#.# #.#
#.##


You could see a yak and a crimson imp.

Action                   |  1- 3 |  4- 6 |  7- 9 | 10-12 || total
-------------------------+-------+-------+-------+-------++-------
Melee: War axe           |   135 |   206 |   619 |    92 ||  1052
Evoke: Wand              |       |       |     4 |       ||     4
  Use: Scroll            |       |     8 |     4 |       ||    12
Armor: Scale mail        |    85 |    49 |       |       ||   134
       Chain mail        |       |    77 |   460 |    38 ||   575
Dodge: Dodged            |    48 |    56 |   153 |    10 ||   267
Block: Shield            |    90 |   116 |   372 |    36 ||   614

Notes
Turn   | Place    | Note
--------------------------------------------------------------
     0 | D:1      | Duffy the Mummy Fighter began the quest for the Orb.
     0 | D:1      | Reached XP level 1. HP: 18/18 MP: 1/1
    27 | D:1      | Reached skill level 2 in Axes
    33 | D:1      | Reached XP level 2. HP: 24/24 MP: 2/2
   302 | D:1      | Reached XP level 3. HP: 25/29 MP: 3/3
   422 | D:1      | Reached skill level 3 in Axes
   695 | D:2      | Found a glowing golden altar of the Shining One.
   876 | D:2      | Noticed Robin
   885 | D:2      | Killed Robin
   885 | D:2      | Reached XP level 4. HP: 16/35 MP: 4/4
  1385 | D:2      | Reached skill level 4 in Axes
  1517 | D:3      | Found a shimmering altar of Xom.
  1518 | D:3      | Found a shimmering altar of Xom.
  1518 | D:3      | Found a shimmering altar of Xom.
  1519 | D:3      | Found a shimmering altar of Xom.
  1586 | D:3      | Noticed Grinder
  1587 | D:3      | Paralysed by Grinder for 2 turns
  1668 | D:2      | Reached XP level 5. HP: 39/41 MP: 5/5
  2035 | D:3      | Found a sparkling altar of Nemelex Xobeh.
  2323 | D:4      | Reached skill level 5 in Axes
  2389 | D:4      | Reached XP level 6. HP: 47/47 MP: 6/6
  2729 | D:4      | Found a burning altar of Makhleb.
  3106 | D:5      | Entered Level 5 of the Dungeon
  3114 | D:4      | Reached skill level 6 in Axes
  3163 | D:5      | Reached XP level 7. HP: 42/52 MP: 7/7
  3277 | D:5      | Found a basalt altar of Yredelemnul.
  3755 | D:5      | Found a staircase to the Ecumenical Temple.
  3761 | Temple   | Entered the Ecumenical Temple
  3863 | D:6      | Found a glowing drain.
  3889 | Sewer    | Entered a sewer
  3935 | Sewer    | Reached skill level 7 in Axes
  4246 | Sewer    | Reached skill level 3 in Armour
  4548 | D:6      | Reached XP level 8. HP: 57/58 MP: 8/8
  4709 | D:6      | Found a blossoming altar of Fedhas.
  4786 | D:6      | Found an ancient bone altar of Kikubaaqudgha.
  4898 | D:6      | Reached skill level 8 in Axes
  4898 | D:6      | Reached skill level 4 in Armour
  5058 | D:6      | Noticed Blork the orc
  5484 | D:6      | Reached skill level 5 in Armour
  5759 | D:6      | You fall through a shaft for 3 floors!
  5823 | D:9      | Reached XP level 9. HP: 58/63 MP: 9/9
  5944 | D:8      | Reached skill level 9 in Axes
  6236 | D:7      | Noticed Pikel
  6275 | D:6      | Killed Pikel
  6275 | D:6      | Reached skill level 6 in Armour
  6893 | D:7      | Noticed Dowan
  6911 | D:7      | Killed Dowan
  6924 | D:7      | Noticed Duvessa
  6942 | D:7      | Killed Duvessa
  6942 | D:7      | Reached skill level 10 in Axes
  6942 | D:7      | Reached skill level 7 in Armour
  7218 | D:7      | Found an iron altar of Okawaru.
  7329 | D:7      | Noticed Crazy Yiuf
  7386 | D:7      | Killed Crazy Yiuf
  7434 | D:7      | Found a snail-covered altar of Cheibriados.
  7447 | D:7      | Became a worshipper of Cheibriados the Contemplative
  7638 | D:7      | Noticed a deep elf mage
  7871 | D:8      | Reached XP level 10. HP: 33/71 MP: 10/10
  8067 | D:8      | Found a staircase to the Lair.
  8208 | D:8      | Reached skill level 4 in Fighting
  8551 | D:9      | Reached * piety under Cheibriados
  8562 | D:9      | Reached skill level 5 in Fighting
  8578 | D:9      | Slain by a yak

Vault maps used:
D:1:      dpeg_arrival_tiny_h, minivault_26
D:2:      lemuel_crystal_altar, uniq_robin
D:3:      xom_redecorated, marbit_many_paths, ecumenical_altar_1, first_bread,
          uniq_grinder, uniq_terence
D:4:      makhleb_heckhound_becter, minmay_tree_intersection
D:5:      minmay_temple_entry_nine_rooms, yredelemnul_altar_generic
D:6:      hangedman_cross_stitches, tgw_sif, kennysheep_vampire_church,
          nicolae_overflow_crystal_walls, gup_sewer_entry_pipe
D:7:      lemuel_round_altar, okawaru_altar_gauntlet_db,
          guppyfry_early_elven_hall, uniq_duvessa, uniq_pikel,
          uniq_crazy_yiuf_cottage
D:8:      kennysheep_mini_moat, david_lair_shrubbed
D:9:      nicolae_overflow_hidden_temple, orc_0_dummy, blue_anna_alchemist,
          uniq_maurice
Temple:   nicolae_temple_no_exploring_needed
Sewer:    sewer_minmay_treatment

Vanquished Creatures
  Pikel
  A wraith
  5 yaks
  A hippogriff Duvessa
  A black bear
  An orc warrior
  A sky beast
  2 slaves
  An ice beast
  3 ogres
  2 centaurs
  A crocodile
  5 big kobolds
  7 giant frogs
  3 scorpions Dowan
  6 killer bees
  5 wights
  2 vampire bats
  2 crimson imps
  A centaur zombie
  6 hounds
  A jelly Crazy Yiuf
  A gnoll shaman
  An orc priest
  A centaur skeleton
  A giant frog skeleton
  4 orc wizards
  7 worker ants
  2 killer bee zombies
  A hound skeleton Robin
  5 gnolls
  14 adders
  5 river rats
  A shadow imp
  2 oozes
  An adder zombie
  2 adder skeletons
  4 dart slugs
  6 giant geckos
  22 orcs
  3 bat skeletons
  3 bat zombies
  13 giant cockroaches
  14 goblins
  18 hobgoblins
  3 jackals
  21 kobolds
  4 quokkas
  6 ball pythons
  8 bats
  2 giant newts
  3 quokka skeletons
  A quokka zombie
  28 rats
269 creatures vanquished.
